Sabres vs Rangers

Created - Wednesday, January 27, 2016 at 12:23

Goals
1 2 3 T
Sabres 0 2 1 3
Rangers 0 1 1 2
Shots
1 2 3 T
Sabres 5 14 8 27
Rangers 12 4 11 27

1st period

No Goal

Penalties :
Keith Yandle (NYR) for Interference (Minor) at 1:24, Boyd Gordon (Buf) for Tripping (Minor) at 11:06

2nd period

1. Rangers , Tyler Bozak 16 (Kyle Palmieri) at 2:50
2. Sabres , Steven Stamkos 29 (Jay Bouwmeester) at 7:04
3. Sabres , Gustav Nyquist 18 (David Perron) at 10:13 (PP)

Penalties :
Logan Couture (NYR) for High sticking (Minor) at 0:36, David Perron (Buf) for High sticking (Minor) at 0:40, Vernon Fiddler (Buf) for Interference (Minor) at 7:36, Logan Couture (NYR) for Hooking (Minor) at 8:56, Kevin Shattenkirk (NYR) for Hooking (Minor) at 12:45, David Perron (Buf) for Hooking (Minor) at 13:12, Logan Couture (NYR) for Hooking (Minor) at 18:17

3rd period

4. Rangers , Tyler Bozak 17 (Kyle Palmieri, Michael Raffl) at 16:09 (PP)
5. Sabres , Sidney Crosby 36 (Steven Stamkos) at 16:47

Penalties :
Brooks Orpik (Buf) for Holding (Minor) at 1:29, Benoit Pouliot (Buf) for Holding (Minor) at 8:24, Sidney Crosby (Buf) for Holding (Minor) at 11:23, Brooks Orpik (Buf) for Holding (Minor) at 15:11, Chris Higgins (Buf) for Holding (Minor) at 17:37, Ryan Kesler (Buf) for Holding (Minor) at 18:20

Goalie Stats

Ondrej Pavelec (Buf), 25 saves from 27 shots - (0.926), W, 22-9-3, 60:00 minutes
Tuukka Rask (NYR), 24 saves from 27 shots - (0.889), L, 30-15-1, 59:25 minutes

Players Stats for Sabres

Player Name              G  A  P  +/- PIM S  H  SB GA TA FO     MP     PP MP  PK MP  
------------------------------------------------------------------------------------
Alec Martinez            0  0  0   0  0   1  1  1  0  2  0/0    21:59   1:37   6:10 
Alex Pietrangelo         0  0  0   0  0   4  4  3  2  0  0/0    24:51   1:37   6:34 
Benoit Pouliot           0  0  0   0  2   1  0  0  0  0  0/2    15:36   2:40   1:44 
Boyd Gordon              0  0  0  -1  2   1  0  0  0  1  16/22  17:04   0:00   5:29 
Brooks Orpik             0  0  0   1  4   3  0  2  0  1  0/0    18:58   0:00   5:31 
Chris Higgins            0  0  0  -1  2   3  0  0  3  0  0/0    17:06   0:00   5:57 
David Perron             0  1  1  -1  4   1  2  0  2  0  1/1    13:37   2:12   0:00 
Dwight King              0  0  0   0  0   0  2  0  0  0  1/1     9:36   0:00   5:38 
Gustav Nyquist           1  0  1   2  0   1  0  0  1  0  0/0    15:08   2:14   0:00 
Jack Skille              0  0  0   0  0   0  0  0  0  0  0/0     2:53   0:00   0:00 
Jay Bouwmeester          0  1  1   1  0   1  1  2  0  0  0/0    25:37   3:30   6:33 
Matt Bartkowski          0  0  0   0  0   0  0  0  0  0  0/0     0:00   0:00   0:00 
Nikita Zadorov           0  0  0   0  0   0  2  0  0  0  0/0    11:19   0:00   0:59 
Rasmus Ristolainen       0  0  0   0  0   0  1  2  0  1  0/0    17:23   3:30   0:27 
Ryan Kesler              0  0  0   0  2   3  4  0  2  2  16/23  20:59   2:14   5:37 
Sidney Crosby            1  0  1   2  2   2  2  1  4  1  11/19  21:06   2:53   0:16 
Steven Stamkos           1  1  2   2  0   5  0  0  1  0  1/2    17:44   2:53   0:16 
Vernon Fiddler           0  0  0   0  2   1  1  0  1  0  0/0    10:25   0:13   0:00 

Players Stats for Rangers

Player Name              G  A  P  +/- PIM S  H  SB GA TA FO     MP     PP MP  PK MP  
------------------------------------------------------------------------------------
Andrej Sekera            0  0  0   0  0   2  1  1  0  1  0/0    22:15   4:37   2:49 
Anton Stralman           0  0  0  -1  0   0  2  0  1  3  0/0    28:52   8:30   2:18 
Brandon Manning          0  0  0   0  0   1  0  1  0  0  0/0    10:44   0:00   1:09 
Chris Terry              0  0  0   0  0   0  0  0  1  0  0/0     8:28   0:00   1:12 
David Moss               0  0  0   0  0   1  0  0  0  1  0/1    11:44   0:00   1:44 
Jay McClement            0  0  0   0  0   3  2  1  0  1  1/6     9:07   0:00   0:13 
Jordan Staal             0  0  0   0  0   1  3  0  1  0  4/10   11:15   0:00   0:50 
Keith Yandle             0  0  0   0  2   5  1  1  1  0  0/0    21:10   4:37   1:40 
Kevin Shattenkirk        0  0  0  -1  2   1  4  1  0  2  0/0    28:02   8:10   2:18 
Kyle Palmieri            0  2  2  -1  0   3  2  0  1  0  0/0    16:24   5:57   0:00 
Logan Couture            0  0  0   0  6   3  1  0  0  0  8/22   19:47   7:09   1:36 
Matt Martin              0  0  0   0  0   1  2  0  0  0  0/0     7:15   0:00   0:00 
Michael Raffl            0  1  1  -1  0   1  1  0  0  2  0/1    16:35   5:57   0:11 
Nathan Gerbe             0  0  0   0  0   0  2  0  1  0  0/0    16:48   7:06   0:00 
Nick Spaling             0  0  0   0  0   0  1  0  0  0  0/1     9:52   0:00   0:00 
Nikita Nikitin           0  0  0   0  0   0  0  2  0  0  0/0     9:46   0:24   0:00 
Tyler Bozak              2  0  2  -1  0   4  2  0  1  0  9/18   18:43   5:57   0:50 
Zach Parise              0  0  0   0  0   1  1  0  6  0  2/11   23:54   7:10   3:38 

3 Stars

1 - Steven Stamkos (Buf)
2 - Tyler Bozak (NYR)
3 - Gustav Nyquist (Buf)

Power Play

Sabres - 1 on 6 Attempt(s) - 16.67%
Rangers - 1 on 10 Attempt(s) - 10.00%

Penalty Kill

Sabres - 9 on 10 Attempt(s) - 90.00% - Score 0 goal in Penalty Kill
Rangers - 5 on 6 Attempt(s) - 83.33% - Score 0 goal in Penalty Kill

Team Stat

Sabres - Hits : 20 - Faceoff Wins : 46 - Blocked Shots : 11 - Penalty Minutes : 20
Rangers - Hits : 25 - Faceoff Wins : 24 - Blocked Shots : 7 - Penalty Minutes : 10

Official

Referees : Unknown
Linesman : Unknown

Game Notes

15:44 of 2nd period - Penalty Shot by Jay McClement for Rangers - Stopped by Ondrej Pavelec

Finance

Level 1 -- Attendance: 4860 (81.00%) -- Ticket Income $437,400
Level 2 -- Attendance: 5000 (100.00%) -- Ticket Income $250,000
Level 3 -- Attendance: 1427 (71.35%) -- Ticket Income $49,945
Level 4 -- Attendance: 2919 (72.98%) -- Ticket Income $58,380
Luxury Box -- Attendance: 699 (69.90%) -- Ticket Income $129,315
Game was played at the Madison Square Garden.
Total Attendance: 14905 (82.81%)
Total Ticket Income: $925,040
Other Income: $453,270
Total Income: $1,378,310

Sabres

5 vs 5 Forward 
   Center                   Left Wing                Right Wing               Time % Phy DF OF 
 1 Sidney Crosby            Gustav Nyquist           Steven Stamkos           35     0   2  3  
 2 Ryan Kesler              Benoit Pouliot           David Perron             33     0   2  3  
 3 Boyd Gordon              Chris Higgins            Vernon Fiddler           20     1   2  2  
 4 Sidney Crosby            Dwight King              Jack Skille              12     2   3  0  

5 vs 5 Defense 
   Defense                  Defense                                           Time % Phy DF OF 
 1 Alex Pietrangelo         Brooks Orpik                                      35     1   2  2  
 2 Jay Bouwmeester          Alec Martinez                                     30     1   3  1  
 3 Nikita Zadorov           Rasmus Ristolainen                                25     3   2  0  
 4 Alex Pietrangelo         Jay Bouwmeester                                   10     0   2  3  

PowerPlay Forward 
   Center                   Left Wing                Right Wing               Time % Phy DF OF 
 1 Sidney Crosby            Benoit Pouliot           Steven Stamkos           57     0   0  5  
 2 Ryan Kesler              Gustav Nyquist           David Perron             43     0   1  4  

PowerPlay Defense
   Defense                  Defense                                           Time % Phy DF OF 
 1 Jay Bouwmeester          Rasmus Ristolainen                                57     0   1  4  
 2 Alec Martinez            Alex Pietrangelo                                  43     1   1  3  

Penalty Kill 4 Players Forward 
   Center                   Wing                     Time % Phy DF OF 
 1 Boyd Gordon              Chris Higgins            50     2   3  0  
 2 Ryan Kesler              Dwight King              50     1   4  0  

Penalty Kill 4 Players Defense
   Defense                  Defense                  Time % Phy DF OF 
 1 Alex Pietrangelo         Brooks Orpik             50     1   3  1  
 2 Jay Bouwmeester          Alec Martinez            50     2   3  0  

Penalty Kill - 3 Players Forward 
   Forward                                           Time % Phy DF OF 
 1 Boyd Gordon                                       50     1   4  0  
 2 Ryan Kesler                                       50     1   4  0  

Penalty Kill - 3 Players Defense
   Defense                  Defense                  Time % Phy DF OF 
 1 Alex Pietrangelo         Brooks Orpik             50     2   2  1  
 2 Jay Bouwmeester          Alec Martinez            50     2   2  1  

4 vs 4 Forward 
   Center                   Wing                     Time % Phy DF OF 
 1 Sidney Crosby            Steven Stamkos           57     0   2  3  
 2 Ryan Kesler              Gustav Nyquist           43     1   2  2  

4 vs 4 Defense
   Defense                  Defense                  Time % Phy DF OF 
 1 Jay Bouwmeester          Rasmus Ristolainen       57     1   2  2  
 2 Alec Martinez            Alex Pietrangelo         43     1   2  2  

Last Minutes Offensive
   Center                   Left Wing                Right Wing               Defense                  Defense                  
   Sidney Crosby            Gustav Nyquist           Steven Stamkos           Alex Pietrangelo         Rasmus Ristolainen       

Last Minutes Defensive
   Center                   Left Wing                Right Wing               Defense                  Defense                  
   Ryan Kesler              Chris Higgins            Dwight King              Alex Pietrangelo         Brooks Orpik             

Goaltenders
Starting : Ondrej Pavelec           
Backup : Karri Ramo               

Extra Forwards
Normal : Benoit Pouliot, Dwight King, Sidney Crosby - PP : Ryan Kesler, Dwight King - PK : Benoit Pouliot
Extra Defensemen
Normal : Rasmus Ristolainen, Nikita Zadorov, Alec Martinez - PP : Nikita Zadorov - PK : Nikita Zadorov, Rasmus Ristolainen
Penalty Shots
Sidney Crosby, Gustav Nyquist, Chris Higgins, Ryan Kesler, David Perron

Rangers

5 vs 5 Forward 
   Center                   Left Wing                Right Wing               Time % Phy DF OF 
 1 Logan Couture            Zach Parise              Nathan Gerbe             35     1   2  2  
 2 Tyler Bozak              Michael Raffl            Kyle Palmieri            30     1   2  2  
 3 Jordan Staal             Nick Spaling             David Moss               22     1   2  2  
 4 Jay McClement            Chris Terry              Matt Martin              13     1   2  2  

5 vs 5 Defense 
   Defense                  Defense                                           Time % Phy DF OF 
 1 Kevin Shattenkirk        Anton Stralman                                    35     1   2  2  
 2 Andrej Sekera            Keith Yandle                                      30     1   2  2  
 3 Nikita Nikitin           Brandon Manning                                   22     1   2  2  
 4 Kevin Shattenkirk        Anton Stralman                                    13     1   2  2  

PowerPlay Forward 
   Center                   Left Wing                Right Wing               Time % Phy DF OF 
 1 Logan Couture            Zach Parise              Nathan Gerbe             60     1   2  2  
 2 Tyler Bozak              Michael Raffl            Kyle Palmieri            40     1   2  2  

PowerPlay Defense
   Defense                  Defense                                           Time % Phy DF OF 
 1 Kevin Shattenkirk        Anton Stralman                                    60     1   2  2  
 2 Andrej Sekera            Keith Yandle                                      40     1   2  2  

Penalty Kill 4 Players Forward 
   Center                   Wing                     Time % Phy DF OF 
 1 Zach Parise              Logan Couture            60     1   2  2  
 2 Tyler Bozak              Jordan Staal             40     1   2  2  

Penalty Kill 4 Players Defense
   Defense                  Defense                  Time % Phy DF OF 
 1 Kevin Shattenkirk        Anton Stralman           60     1   2  2  
 2 Andrej Sekera            Keith Yandle             40     1   2  2  

Penalty Kill - 3 Players Forward 
   Forward                                           Time % Phy DF OF 
 1 Zach Parise                                       60     1   2  2  
 2 Logan Couture                                     40     1   2  2  

Penalty Kill - 3 Players Defense
   Defense                  Defense                  Time % Phy DF OF 
 1 Kevin Shattenkirk        Anton Stralman           60     1   2  2  
 2 Andrej Sekera            Keith Yandle             40     1   2  2  

4 vs 4 Forward 
   Center                   Wing                     Time % Phy DF OF 
 1 Zach Parise              Logan Couture            60     1   2  2  
 2 Tyler Bozak              Jordan Staal             40     1   2  2  

4 vs 4 Defense
   Defense                  Defense                  Time % Phy DF OF 
 1 Kevin Shattenkirk        Anton Stralman           60     1   2  2  
 2 Andrej Sekera            Keith Yandle             40     1   2  2  

Last Minutes Offensive
   Center                   Left Wing                Right Wing               Defense                  Defense                  
   Logan Couture            Zach Parise              Nathan Gerbe             Kevin Shattenkirk        Anton Stralman           

Last Minutes Defensive
   Center                   Left Wing                Right Wing               Defense                  Defense                  
   Logan Couture            Zach Parise              Nathan Gerbe             Kevin Shattenkirk        Anton Stralman           

Goaltenders
Starting : Tuukka Rask              
Backup : Jonas Gustavsson         

Extra Forwards
Normal : Jay McClement, Nick Spaling, David Moss - PP : Jay McClement, Nick Spaling - PK : David Moss
Extra Defensemen
Normal : Nikita Nikitin, Brandon Manning, Andrej Sekera - PP : Nikita Nikitin - PK : Brandon Manning, Andrej Sekera
Penalty Shots
Zach Parise, Logan Couture, Tyler Bozak, Jordan Staal, Michael Raffl

% Time on Ice - Sabres

Lines # - Real PCT - Wanted PCT - Time Play
Normal Forward
1 - 34% - 35% - 12:48
2 - 31% - 33% - 11:46
3 - 27% - 20% - 10:13
4 - 8% - 12% - 2:53
Normal Defense
1 - 39% - 35% - 14:41
2 - 31% - 30% - 11:51
3 - 27% - 25% - 10:20
4 - 2% - 10% - 0:48
PP Forward
1 - 56% - 57% - 2:53
2 - 44% - 43% - 2:14
PP Defense
1 - 68% - 57% - 3:30
2 - 32% - 43% - 1:37
PK Forward
1 - 52% - 50% - 6:13
2 - 48% - 50% - 5:38
PK Defense
1 - 52% - 50% - 6:13
2 - 48% - 50% - 5:38
PK3 Forward
1 - 49% - 50% - 0:37
2 - 51% - 50% - 0:39
PK3 Defense
1 - 58% - 50% - 0:44
2 - 42% - 50% - 0:32
44 Forward
1 - 67% - 57% - 2:44
2 - 33% - 43% - 1:22
44 Defense
1 - 43% - 57% - 1:45
2 - 57% - 43% - 2:21
Last Minute Offensive  - 0:00
Last Minute Defensive  - 0:00
Total
Forward - 60:00
Defense - 60:00

% Time on Ice - Rangers

Lines # - Real PCT - Wanted PCT - Time Play
Normal Forward
1 - 27% - 35% - 10:14
2 - 30% - 30% - 11:14
3 - 24% - 22% - 8:56
4 - 19% - 13% - 7:16
Normal Defense
1 - 36% - 35% - 13:39
2 - 34% - 30% - 12:53
3 - 24% - 22% - 8:53
4 - 6% - 13% - 2:15
PP Forward
1 - 55% - 60% - 7:10
2 - 45% - 40% - 5:57
PP Defense
1 - 65% - 60% - 8:30
2 - 35% - 40% - 4:37
PK Forward
1 - 84% - 60% - 4:17
2 - 16% - 40% - 0:50
PK Defense
1 - 45% - 60% - 2:18
2 - 55% - 40% - 2:49
PK3 Forward
1 - 0% - 60%
2 - 0% - 40%
PK3 Defense
1 - 0% - 60%
2 - 0% - 40%
44 Forward
1 - 83% - 60% - 3:24
2 - 17% - 40% - 0:42
44 Defense
1 - 53% - 60% - 2:10
2 - 47% - 40% - 1:56
Last Minute Offensive  - 0:00
Last Minute Defensive  - 0:00
Total
Forward - 60:00
Defense - 60:00

Play by Play

1st period


0:01 of 1st period - Logan Couture wins face-off versus Steven Stamkos in neutral zone.
0:19 of 1st period - Slapshot by Kevin Shattenkirk.
0:19 of 1st period - Shot Blocked by Brooks Orpik.
0:21 of 1st period - Backhand shot by Anton Stralman.
0:21 of 1st period - Shot Blocked by Brooks Orpik.
0:29 of 1st period - Alex Pietrangelo is hit by Anton Stralman and loses puck.
0:50 of 1st period - Wrist shot by Tyler Bozak.
0:50 of 1st period - Stopped by Ondrej Pavelec without a rebound.
0:51 of 1st period - Tyler Bozak wins face-off versus Ryan Kesler in Sabres zone.
1:24 of 1st period - Minor Penalty to Keith Yandle for Interference.
1:25 of 1st period - Sidney Crosby wins face-off versus Zach Parise in Rangers zone.
2:21 of 1st period - Andrej Sekera is hit by David Perron and loses puck.
3:17 of 1st period - Jordan Staal is hit by Alex Pietrangelo and loses puck.
3:24 of 1st period - Penalty to Keith Yandle is over, Keith Yandle is back on ice.
4:19 of 1st period - Snap shot by Kevin Shattenkirk.
4:19 of 1st period - Stopped by Ondrej Pavelec without a rebound.
4:20 of 1st period - Sidney Crosby wins face-off versus Jay McClement in Sabres zone.
4:27 of 1st period - Snap shot by Sidney Crosby.
4:27 of 1st period - Stopped by Tuukka Rask with a rebound.
4:42 of 1st period - Off-side.
4:43 of 1st period - Logan Couture wins face-off versus Boyd Gordon in neutral zone.
4:46 of 1st period - Slapshot by Kevin Shattenkirk.
4:46 of 1st period - Shot Blocked by Jay Bouwmeester.
4:48 of 1st period - Slapshot by Anton Stralman.
4:48 of 1st period - Shot Misses the Net.
4:50 of 1st period - Snap shot by Zach Parise.
4:50 of 1st period - Shot Misses the Net.
4:52 of 1st period - Snap shot by Logan Couture.
4:52 of 1st period - Stopped by Ondrej Pavelec without a rebound.
4:53 of 1st period - Logan Couture wins face-off versus Boyd Gordon in Sabres zone.
5:10 of 1st period - Snap shot by Zach Parise.
5:10 of 1st period - Stopped by Ondrej Pavelec with a rebound.
5:36 of 1st period - Snap shot by Matt Martin.
5:36 of 1st period - Stopped by Ondrej Pavelec with a rebound.
5:38 of 1st period - Wrist shot by Brandon Manning.
5:38 of 1st period - Shot Misses the Net.
5:40 of 1st period - Snap shot by Jay McClement.
5:40 of 1st period - Deflect By Chris Terry.
5:40 of 1st period - Shot Misses the Net.
5:40 of 1st period - Puck is out of play.
5:41 of 1st period - Jay McClement wins face-off versus Ryan Kesler in Sabres zone.
6:42 of 1st period - Andrej Sekera is hit by Rasmus Ristolainen and loses puck.
7:03 of 1st period - Snap shot by Kyle Palmieri.
7:03 of 1st period - Stopped by Ondrej Pavelec without a rebound.
7:04 of 1st period - Tyler Bozak wins face-off versus Sidney Crosby in Sabres zone.
7:19 of 1st period - Alex Pietrangelo is hit by Kyle Palmieri and loses puck.
7:54 of 1st period - Off-side.
7:55 of 1st period - Ryan Kesler wins face-off versus Logan Couture in neutral zone.
7:58 of 1st period - Logan Couture is hit by Alec Martinez and loses puck.
8:13 of 1st period - Wrist shot by Zach Parise.
8:13 of 1st period - Shot Misses the Net.
8:15 of 1st period - Slapshot by Nikita Nikitin.
8:15 of 1st period - Deflect By Logan Couture.
8:15 of 1st period - Stopped by Ondrej Pavelec without a rebound.
8:16 of 1st period - Jordan Staal wins face-off versus Boyd Gordon in Sabres zone.
9:03 of 1st period - Kyle Palmieri is hit by Sidney Crosby.
9:19 of 1st period - Wrist shot by Steven Stamkos.
9:19 of 1st period - Stopped by Tuukka Rask without a rebound.
9:20 of 1st period - Ryan Kesler wins face-off versus Logan Couture in Rangers zone.
9:29 of 1st period - Slapshot by Ryan Kesler.
9:29 of 1st period - Shot Blocked by Nikita Nikitin.
9:35 of 1st period - Ryan Kesler is hit by Logan Couture and loses puck.
10:14 of 1st period - Brandon Manning is hit by Nikita Zadorov and loses puck.
10:25 of 1st period - Wrist shot by Tyler Bozak.
10:25 of 1st period - Shot Blocked by Sidney Crosby.
10:27 of 1st period - Slapshot by Kevin Shattenkirk.
10:27 of 1st period - Shot Blocked by Rasmus Ristolainen.
11:03 of 1st period - Snap shot by Chris Higgins.
11:03 of 1st period - Deflect By Kevin Shattenkirk.
11:03 of 1st period - Shot Misses the Net.
11:03 of 1st period - Puck is out of play.
11:04 of 1st period - Boyd Gordon wins face-off versus Jordan Staal in Rangers zone.
11:06 of 1st period - Minor Penalty to Boyd Gordon for Tripping.
11:07 of 1st period - Logan Couture wins face-off versus Benoit Pouliot in Sabres zone.
12:59 of 1st period - Nathan Gerbe is hit by Jay Bouwmeester and loses puck.
13:06 of 1st period - Penalty to Boyd Gordon is over, Boyd Gordon is back on ice.
13:16 of 1st period - David Moss is hit by Dwight King and loses puck.
13:29 of 1st period - Wrist shot by Jordan Staal.
13:29 of 1st period - Deflect By David Moss.
13:29 of 1st period - Stopped by Ondrej Pavelec with a rebound.
13:31 of 1st period - Slapshot by Brandon Manning.
13:31 of 1st period - Deflect By Jordan Staal.
13:31 of 1st period - Shot Misses the Net.
13:31 of 1st period - Puck is out of play.
13:32 of 1st period - Sidney Crosby wins face-off versus Jay McClement in Sabres zone.
14:31 of 1st period - Wrist shot by Chris Higgins.
14:31 of 1st period - Deflect By Brandon Manning.
14:31 of 1st period - Shot Misses the Net.
14:31 of 1st period - Puck is out of play.
14:32 of 1st period - Boyd Gordon wins face-off versus David Moss in Rangers zone.
14:35 of 1st period - Snap shot by Chris Higgins.
14:35 of 1st period - Stopped by Tuukka Rask without a rebound.
14:36 of 1st period - Jordan Staal wins face-off versus Ryan Kesler in Rangers zone.
14:43 of 1st period - Ryan Kesler is hit by Jordan Staal and loses puck.
15:02 of 1st period - Snap shot by Keith Yandle.
15:02 of 1st period - Deflect By Jordan Staal.
15:02 of 1st period - Stopped by Ondrej Pavelec with a rebound.
15:04 of 1st period - Slapshot by Andrej Sekera.
15:04 of 1st period - Shot Misses the Net.
15:06 of 1st period - Slapshot by Andrej Sekera.
15:06 of 1st period - Stopped by Ondrej Pavelec with a rebound.
15:08 of 1st period - Slapshot by Keith Yandle.
15:08 of 1st period - Stopped by Ondrej Pavelec without a rebound.
15:09 of 1st period - Logan Couture wins face-off versus Sidney Crosby in Sabres zone.
15:40 of 1st period - Snap shot by Steven Stamkos.
15:40 of 1st period - Stopped by Tuukka Rask with a rebound.
16:11 of 1st period - Chris Higgins is hit by Tyler Bozak and loses puck.
17:00 of 1st period - Keith Yandle is hit by Ryan Kesler and loses puck.
17:55 of 1st period - Nikita Nikitin is hit by Nikita Zadorov.
18:25 of 1st period - Wrist shot by Jay McClement.
18:25 of 1st period - Stopped by Ondrej Pavelec without a rebound.
18:26 of 1st period - Boyd Gordon wins face-off versus Zach Parise in Sabres zone.
19:17 of 1st period - Kevin Shattenkirk is hit by Alex Pietrangelo and loses puck.
19:28 of 1st period - Snap shot by David Perron.
19:28 of 1st period - Stopped by Tuukka Rask without a rebound.
19:29 of 1st period - Ryan Kesler wins face-off versus Tyler Bozak in Rangers zone.
Goals for this period are 0 for Sabres vs 0 for Rangers.
Shots for this period are 5 for Sabres vs 12 for Rangers.

2nd period


0:01 of 2nd period - Sidney Crosby wins face-off versus Logan Couture in neutral zone.
0:36 of 2nd period - Minor Penalty to Logan Couture for High sticking.
0:37 of 2nd period - Ryan Kesler wins face-off versus Zach Parise in Rangers zone.
0:40 of 2nd period - Minor Penalty to David Perron for High sticking.
0:41 of 2nd period - Sidney Crosby wins face-off versus Zach Parise in Sabres zone.
0:47 of 2nd period - Snap shot by Sidney Crosby.
0:47 of 2nd period - Shot Misses the Net.
1:10 of 2nd period - Snap shot by Jay McClement.
1:10 of 2nd period - Stopped by Ondrej Pavelec without a rebound.
1:11 of 2nd period - Steven Stamkos wins face-off versus Zach Parise in Sabres zone.
1:23 of 2nd period - Sidney Crosby is hit by Jay McClement and loses puck.
1:30 of 2nd period - Slapshot by Alex Pietrangelo.
1:30 of 2nd period - Shot Misses the Net.
2:36 of 2nd period - Penalty to Logan Couture is over, Logan Couture is back on ice.
2:40 of 2nd period - Penalty to David Perron is over, David Perron is back on ice.
2:50 of 2nd period - Snap shot by Tyler Bozak.
2:50 of 2nd period - Goal by Tyler Bozak - Sabres : 0 - Rangers : 1.
2:51 of 2nd period - Tyler Bozak wins face-off versus Boyd Gordon in neutral zone.
3:12 of 2nd period - Vernon Fiddler is hit by Kyle Palmieri.
3:20 of 2nd period - Slapshot by Nikita Zadorov.
3:20 of 2nd period - Shot Blocked by Andrej Sekera.
3:40 of 2nd period - Snap shot by Benoit Pouliot.
3:40 of 2nd period - Deflect By Ryan Kesler.
3:40 of 2nd period - Shot Misses the Net.
3:40 of 2nd period - Puck is out of play.
3:41 of 2nd period - Jordan Staal wins face-off versus Ryan Kesler in Rangers zone.
3:41 of 2nd period - Jordan Staal is hit by Ryan Kesler.
5:32 of 2nd period - Slapshot by Chris Higgins.
5:32 of 2nd period - Shot Blocked by Brandon Manning.
5:34 of 2nd period - Slapshot by Nikita Zadorov.
5:34 of 2nd period - Shot Blocked by Nikita Nikitin.
5:57 of 2nd period - Nikita Zadorov is hit by Jay McClement and loses puck.
6:06 of 2nd period - Jay McClement is hit by Dwight King and loses puck.
6:25 of 2nd period - Wrist shot by Benoit Pouliot.
6:25 of 2nd period - Stopped by Tuukka Rask without a rebound.
6:26 of 2nd period - Ryan Kesler wins face-off versus Tyler Bozak in Rangers zone.
6:32 of 2nd period - Wrist shot by Alex Pietrangelo.
6:32 of 2nd period - Stopped by Tuukka Rask with a rebound.
6:34 of 2nd period - Wrist shot by Benoit Pouliot.
6:34 of 2nd period - Shot Misses the Net.
6:36 of 2nd period - Snap shot by Brooks Orpik.
6:36 of 2nd period - Stopped by Tuukka Rask with a rebound.
6:38 of 2nd period - Slapshot by Brooks Orpik.
6:38 of 2nd period - Stopped by Tuukka Rask with a rebound.
6:40 of 2nd period - Slapshot by Brooks Orpik.
6:40 of 2nd period - Stopped by Tuukka Rask with a rebound.
6:42 of 2nd period - Snap shot by Ryan Kesler.
6:42 of 2nd period - Shot Misses the Net.
7:04 of 2nd period - Wrist shot by Steven Stamkos.
7:04 of 2nd period - Goal by Steven Stamkos - Sabres : 1 - Rangers : 1.
7:05 of 2nd period - Boyd Gordon wins face-off versus Logan Couture in neutral zone.
7:10 of 2nd period - Nathan Gerbe is hit by Vernon Fiddler.
7:20 of 2nd period - Wrist shot by Nathan Gerbe.
7:20 of 2nd period - Shot Misses the Net.
7:36 of 2nd period - Minor Penalty to Vernon Fiddler for Interference.
7:37 of 2nd period - Ryan Kesler wins face-off versus Tyler Bozak in Sabres zone.
7:37 of 2nd period - Ryan Kesler is hit by Kevin Shattenkirk.
8:32 of 2nd period - Snap shot by Zach Parise.
8:32 of 2nd period - Deflect By Logan Couture.
8:32 of 2nd period - Shot Blocked by Alex Pietrangelo.
8:32 of 2nd period - Puck is out of play.
8:33 of 2nd period - Boyd Gordon wins face-off versus Zach Parise in Sabres zone.
8:54 of 2nd period - Slapshot by Chris Higgins.
8:54 of 2nd period - Shot Misses the Net.
8:56 of 2nd period - Minor Penalty to Logan Couture for Hooking.
8:57 of 2nd period - Sidney Crosby wins face-off versus Zach Parise in Rangers zone.
9:35 of 2nd period - Snap shot by Steven Stamkos.
9:35 of 2nd period - Shot Misses the Net.
9:36 of 2nd period - Penalty to Vernon Fiddler is over, Vernon Fiddler is back on ice.
9:37 of 2nd period - Slapshot by Steven Stamkos.
9:37 of 2nd period - Stopped by Tuukka Rask with a rebound.
9:39 of 2nd period - Snap shot by Rasmus Ristolainen.
9:39 of 2nd period - Shot Blocked by Jay McClement.
10:06 of 2nd period - Andrej Sekera is hit by David Perron and loses puck.
10:13 of 2nd period - Wrist shot by Gustav Nyquist.
10:13 of 2nd period - Goal by Gustav Nyquist - Sabres : 2 - Rangers : 1.
10:14 of 2nd period - Ryan Kesler wins face-off versus Tyler Bozak in neutral zone.
10:31 of 2nd period - Snap shot by Tyler Bozak.
10:31 of 2nd period - Shot Hit the Post.
11:09 of 2nd period - Snap shot by Chris Higgins.
11:09 of 2nd period - Deflect By Vernon Fiddler.
11:09 of 2nd period - Shot Misses the Net.
11:09 of 2nd period - Puck is out of play.
11:10 of 2nd period - Boyd Gordon wins face-off versus Jordan Staal in Rangers zone.
11:13 of 2nd period - Snap shot by Chris Higgins.
11:13 of 2nd period - Shot Misses the Net.
11:35 of 2nd period - Wrist shot by Chris Higgins.
11:35 of 2nd period - Shot Misses the Net.
12:15 of 2nd period - Snap shot by Steven Stamkos.
12:15 of 2nd period - Shot Misses the Net.
12:32 of 2nd period - Ryan Kesler is hit by Matt Martin.
12:45 of 2nd period - Minor Penalty to Kevin Shattenkirk for Hooking.
12:46 of 2nd period - Logan Couture wins face-off versus Sidney Crosby in Rangers zone.
13:12 of 2nd period - Minor Penalty to David Perron for Hooking.
13:13 of 2nd period - Sidney Crosby wins face-off versus Zach Parise in Sabres zone.
13:24 of 2nd period - Snap shot by Sidney Crosby.
13:24 of 2nd period - Shot Blocked by Keith Yandle.
13:44 of 2nd period - Keith Yandle is hit by Alex Pietrangelo and loses puck.
13:55 of 2nd period - Slapshot by Keith Yandle.
13:55 of 2nd period - Shot Blocked by Alec Martinez.
14:14 of 2nd period - Gustav Nyquist is hit by Jordan Staal and loses puck.
14:45 of 2nd period - Penalty to Kevin Shattenkirk is over, Kevin Shattenkirk is back on ice.
15:07 of 2nd period - Boyd Gordon is hit by Michael Raffl and loses puck.
15:12 of 2nd period - Penalty to David Perron is over, David Perron is back on ice.
15:44 of 2nd period - Penalty Shot by Jay McClement for Rangers.
15:44 of 2nd period - Deke by Jay McClement.
15:44 of 2nd period - Stopped by Ondrej Pavelec.
15:45 of 2nd period - David Perron wins face-off versus Jordan Staal in Rangers zone.
15:51 of 2nd period - Icing by Nick Spaling.
15:52 of 2nd period - Jordan Staal wins face-off versus Ryan Kesler in Rangers zone.
15:52 of 2nd period - Jordan Staal is hit by Ryan Kesler.
16:16 of 2nd period - Snap shot by Jordan Staal.
16:16 of 2nd period - Deflect By David Moss.
16:16 of 2nd period - Shot Blocked by Alex Pietrangelo.
16:16 of 2nd period - Puck is out of play.
16:17 of 2nd period - Boyd Gordon wins face-off versus Jay McClement in Sabres zone.
16:17 of 2nd period - Boyd Gordon is hit by Matt Martin.
16:23 of 2nd period - Snap shot by Alex Pietrangelo.
16:23 of 2nd period - Deflect By Kevin Shattenkirk.
16:23 of 2nd period - Stopped by Tuukka Rask without a rebound.
16:24 of 2nd period - Boyd Gordon wins face-off versus Jay McClement in Rangers zone.
16:27 of 2nd period - Snap shot by Chris Higgins.
16:27 of 2nd period - Shot Blocked by Kevin Shattenkirk.
16:29 of 2nd period - Slapshot by Boyd Gordon.
16:29 of 2nd period - Stopped by Tuukka Rask with a rebound.
16:31 of 2nd period - Snap shot by Boyd Gordon.
16:31 of 2nd period - Deflect By Chris Higgins.
16:31 of 2nd period - Stopped by Tuukka Rask without a rebound.
16:32 of 2nd period - Boyd Gordon wins face-off versus Jay McClement in Rangers zone.
16:37 of 2nd period - Slapshot by Alex Pietrangelo.
16:37 of 2nd period - Stopped by Tuukka Rask with a rebound.
16:39 of 2nd period - Slapshot by Vernon Fiddler.
16:39 of 2nd period - Stopped by Tuukka Rask without a rebound.
16:40 of 2nd period - Zach Parise wins face-off versus Sidney Crosby in Rangers zone.
16:51 of 2nd period - Snap shot by Steven Stamkos.
16:51 of 2nd period - Shot Misses the Net.
16:55 of 2nd period - Backhand shot by Sidney Crosby.
16:55 of 2nd period - Shot Misses the Net.
16:57 of 2nd period - Snap shot by Steven Stamkos.
16:57 of 2nd period - Stopped by Tuukka Rask without a rebound.
16:58 of 2nd period - Sidney Crosby wins face-off versus Logan Couture in Rangers zone.
17:05 of 2nd period - Snap shot by Steven Stamkos.
17:05 of 2nd period - Deflect By Sidney Crosby.
17:05 of 2nd period - Shot Misses the Net.
17:05 of 2nd period - Puck is out of play.
17:06 of 2nd period - Tyler Bozak wins face-off versus Benoit Pouliot in Rangers zone.
17:11 of 2nd period - Wrist shot by Michael Raffl.
17:11 of 2nd period - Stopped by Ondrej Pavelec with a rebound.
17:13 of 2nd period - Slapshot by Tyler Bozak.
17:13 of 2nd period - Deflect By Alex Pietrangelo.
17:13 of 2nd period - Stopped by Ondrej Pavelec with a rebound.
17:15 of 2nd period - Snap shot by Kevin Shattenkirk.
17:15 of 2nd period - Deflect By Tyler Bozak.
17:15 of 2nd period - Shot Misses the Net.
17:15 of 2nd period - Puck is out of play.
17:16 of 2nd period - Tyler Bozak wins face-off versus Ryan Kesler in Sabres zone.
18:07 of 2nd period - Brooks Orpik is hit by Kevin Shattenkirk and loses puck.
18:17 of 2nd period - Minor Penalty to Logan Couture for Hooking.
18:18 of 2nd period - Sidney Crosby wins face-off versus Zach Parise in Rangers zone.
19:23 of 2nd period - Chris Terry is hit by Ryan Kesler and loses puck.
19:54 of 2nd period - Off-side.
19:55 of 2nd period - Ryan Kesler wins face-off versus Michael Raffl in neutral zone.
Goals for this period are 2 for Sabres vs 1 for Rangers.
Shots for this period are 14 for Sabres vs 4 for Rangers.

3rd period


0:01 of 3rd period - Zach Parise wins face-off versus Sidney Crosby in neutral zone.
0:17 of 3rd period - Penalty to Logan Couture is over, Logan Couture is back on ice.
0:48 of 3rd period - Snap shot by Chris Higgins.
0:48 of 3rd period - Stopped by Tuukka Rask without a rebound.
0:49 of 3rd period - Tyler Bozak wins face-off versus Boyd Gordon in Rangers zone.
1:29 of 3rd period - Minor Penalty to Brooks Orpik for Holding.
1:30 of 3rd period - Ryan Kesler wins face-off versus Logan Couture in Sabres zone.
1:30 of 3rd period - Ryan Kesler is hit by Kevin Shattenkirk.
2:46 of 3rd period - Wrist shot by Logan Couture.
2:46 of 3rd period - Shot Misses the Net.
2:48 of 3rd period - Slapshot by Andrej Sekera.
2:48 of 3rd period - Shot Misses the Net.
2:50 of 3rd period - Snap shot by Nathan Gerbe.
2:50 of 3rd period - Shot Misses the Net.
2:52 of 3rd period - Slapshot by Andrej Sekera.
2:52 of 3rd period - Shot Misses the Net.
2:54 of 3rd period - Snap shot by Nathan Gerbe.
2:54 of 3rd period - Shot Misses the Net.
2:56 of 3rd period - Slapshot by Keith Yandle.
2:56 of 3rd period - Shot Hit the Post.
3:06 of 3rd period - Boyd Gordon is hit by Keith Yandle and loses puck.
3:17 of 3rd period - Slapshot by Keith Yandle.
3:17 of 3rd period - Stopped by Ondrej Pavelec without a rebound.
3:18 of 3rd period - Ryan Kesler wins face-off versus Tyler Bozak in Sabres zone.
3:29 of 3rd period - Penalty to Brooks Orpik is over, Brooks Orpik is back on ice.
3:37 of 3rd period - Snap shot by Ryan Kesler.
3:37 of 3rd period - Stopped by Tuukka Rask without a rebound.
3:38 of 3rd period - Logan Couture wins face-off versus Sidney Crosby in Rangers zone.
3:59 of 3rd period - Alex Pietrangelo is hit by Nick Spaling and loses puck.
4:18 of 3rd period - David Moss is hit by Alex Pietrangelo and loses puck.
4:48 of 3rd period - Ryan Kesler is hit by Andrej Sekera and loses puck.
4:53 of 3rd period - Slapshot by Jay McClement.
4:53 of 3rd period - Stopped by Ondrej Pavelec without a rebound.
4:54 of 3rd period - Tyler Bozak wins face-off versus Sidney Crosby in Sabres zone.
5:59 of 3rd period - Slapshot by Kevin Shattenkirk.
5:59 of 3rd period - Deflect By Matt Martin.
5:59 of 3rd period - Shot Blocked by Rasmus Ristolainen.
5:59 of 3rd period - Puck is out of play.
6:00 of 3rd period - Ryan Kesler wins face-off versus Nick Spaling in Sabres zone.
6:05 of 3rd period - Wrist shot by Ryan Kesler.
6:05 of 3rd period - Shot Misses the Net.
6:51 of 3rd period - Jay Bouwmeester is hit by Zach Parise and loses puck.
7:12 of 3rd period - Wrist shot by Zach Parise.
7:12 of 3rd period - Deflect By Logan Couture.
7:12 of 3rd period - Stopped by Ondrej Pavelec with a rebound.
7:40 of 3rd period - Slapshot by Keith Yandle.
7:40 of 3rd period - Stopped by Ondrej Pavelec with a rebound.
7:42 of 3rd period - Slapshot by Andrej Sekera.
7:42 of 3rd period - Stopped by Ondrej Pavelec with a rebound.
7:44 of 3rd period - Slapshot by Andrej Sekera.
7:44 of 3rd period - Shot Misses the Net.
7:46 of 3rd period - Slapshot by Brandon Manning.
7:46 of 3rd period - Stopped by Ondrej Pavelec without a rebound.
7:47 of 3rd period - Boyd Gordon wins face-off versus Tyler Bozak in Sabres zone.
8:07 of 3rd period - Wrist shot by Tyler Bozak.
8:07 of 3rd period - Deflect By Kyle Palmieri.
8:07 of 3rd period - Stopped by Ondrej Pavelec with a rebound.
8:09 of 3rd period - Wrist shot by Kyle Palmieri.
8:09 of 3rd period - Shot Misses the Net.
8:11 of 3rd period - Backhand shot by Brandon Manning.
8:11 of 3rd period - Deflect By Tyler Bozak.
8:11 of 3rd period - Shot Misses the Net.
8:11 of 3rd period - Puck is out of play.
8:12 of 3rd period - Ryan Kesler wins face-off versus Jordan Staal in Sabres zone.
8:24 of 3rd period - Minor Penalty to Benoit Pouliot for Holding.
8:25 of 3rd period - Ryan Kesler wins face-off versus Logan Couture in Sabres zone.
8:38 of 3rd period - Snap shot by Ryan Kesler.
8:38 of 3rd period - Stopped by Tuukka Rask with a rebound.
8:48 of 3rd period - Slapshot by Kevin Shattenkirk.
8:48 of 3rd period - Shot Blocked by Alex Pietrangelo.
9:27 of 3rd period - Snap shot by Ryan Kesler.
9:27 of 3rd period - Stopped by Tuukka Rask without a rebound.
9:28 of 3rd period - Tyler Bozak wins face-off versus Ryan Kesler in Rangers zone.
9:37 of 3rd period - Snap shot by Keith Yandle.
9:37 of 3rd period - Shot Misses the Net.
9:52 of 3rd period - Off-side.
9:53 of 3rd period - Ryan Kesler wins face-off versus Tyler Bozak in neutral zone.
10:15 of 3rd period - Off-side.
10:16 of 3rd period - Boyd Gordon wins face-off versus Logan Couture in neutral zone.
10:24 of 3rd period - Penalty to Benoit Pouliot is over, Benoit Pouliot is back on ice.
10:36 of 3rd period - Wrist shot by Benoit Pouliot.
10:36 of 3rd period - Deflect By Boyd Gordon.
10:36 of 3rd period - Shot Misses the Net.
10:36 of 3rd period - Puck is out of play.
10:37 of 3rd period - Sidney Crosby wins face-off versus Jordan Staal in Rangers zone.
10:44 of 3rd period - Snap shot by Sidney Crosby.
10:44 of 3rd period - Deflect By Andrej Sekera.
10:44 of 3rd period - Shot Misses the Net.
10:44 of 3rd period - Puck is out of play.
10:45 of 3rd period - Sidney Crosby wins face-off versus Jordan Staal in Rangers zone.
11:23 of 3rd period - Minor Penalty to Sidney Crosby for Holding.
11:24 of 3rd period - Dwight King wins face-off versus Logan Couture in Sabres zone.
11:24 of 3rd period - Dwight King is hit by Nathan Gerbe.
12:17 of 3rd period - Chris Higgins is hit by Tyler Bozak.
12:23 of 3rd period - Backhand shot by Alec Martinez.
12:23 of 3rd period - Stopped by Tuukka Rask with a rebound.
12:25 of 3rd period - Slapshot by Alex Pietrangelo.
12:25 of 3rd period - Stopped by Tuukka Rask without a rebound.
12:26 of 3rd period - Boyd Gordon wins face-off versus Tyler Bozak in Rangers zone.
13:13 of 3rd period - Slapshot by Keith Yandle.
13:13 of 3rd period - Stopped by Ondrej Pavelec without a rebound.
13:14 of 3rd period - Ryan Kesler wins face-off versus Logan Couture in Sabres zone.
13:23 of 3rd period - Penalty to Sidney Crosby is over, Sidney Crosby is back on ice.
13:49 of 3rd period - Wrist shot by Ryan Kesler.
13:49 of 3rd period - Shot Misses the Net.
14:01 of 3rd period - Sidney Crosby is hit by Kevin Shattenkirk and loses puck.
14:14 of 3rd period - Slapshot by Alec Martinez.
14:14 of 3rd period - Shot Misses the Net.
14:20 of 3rd period - Nikita Zadorov is hit by Jordan Staal and loses puck.
14:31 of 3rd period - Nikita Nikitin is hit by Sidney Crosby and loses puck.
15:11 of 3rd period - Minor Penalty to Brooks Orpik for Holding.
15:12 of 3rd period - Boyd Gordon wins face-off versus Logan Couture in Sabres zone.
15:33 of 3rd period - Wrist shot by Zach Parise.
15:33 of 3rd period - Shot Misses the Net.
16:09 of 3rd period - Snap shot by Tyler Bozak.
16:09 of 3rd period - Goal by Tyler Bozak - Sabres : 2 - Rangers : 2.
16:10 of 3rd period - Tyler Bozak wins face-off versus Sidney Crosby in neutral zone.
16:19 of 3rd period - Snap shot by Kyle Palmieri.
16:19 of 3rd period - Stopped by Ondrej Pavelec with a rebound.
16:41 of 3rd period - Snap shot by Sidney Crosby.
16:41 of 3rd period - Shot Misses the Net.
16:47 of 3rd period - Wrist shot by Sidney Crosby.
16:47 of 3rd period - Goal by Sidney Crosby - Sabres : 3 - Rangers : 2.
16:48 of 3rd period - Boyd Gordon wins face-off versus Logan Couture in neutral zone.
16:51 of 3rd period - Slapshot by Alec Martinez.
16:51 of 3rd period - Shot Misses the Net.
16:53 of 3rd period - Slapshot by Jay Bouwmeester.
16:53 of 3rd period - Stopped by Tuukka Rask without a rebound.
16:54 of 3rd period - Boyd Gordon wins face-off versus Logan Couture in Rangers zone.
17:11 of 3rd period - Snap shot by Chris Higgins.
17:11 of 3rd period - Shot Misses the Net.
17:21 of 3rd period - Backhand shot by Alec Martinez.
17:21 of 3rd period - Shot Misses the Net.
17:37 of 3rd period - Minor Penalty to Chris Higgins for Holding.
17:38 of 3rd period - Ryan Kesler wins face-off versus Tyler Bozak in Sabres zone.
18:20 of 3rd period - Minor Penalty to Ryan Kesler for Holding.
18:21 of 3rd period - Logan Couture wins face-off versus Boyd Gordon in Sabres zone.
18:26 of 3rd period - Slapshot by Keith Yandle.
18:26 of 3rd period - Shot Misses the Net.
18:28 of 3rd period - Backhand shot by Keith Yandle.
18:28 of 3rd period - Shot Blocked by Jay Bouwmeester.
18:52 of 3rd period - Slapshot by Keith Yandle.
18:52 of 3rd period - Stopped by Ondrej Pavelec without a rebound.
18:53 of 3rd period - Dave Hakstol call a timeout for Rangers.
18:53 of 3rd period - Boyd Gordon wins face-off versus Logan Couture in Sabres zone.
19:02 of 3rd period - Brooks Orpik is hit by Nathan Gerbe.
19:22 of 3rd period - Brooks Orpik is hit by Anton Stralman and loses puck.
19:25 of 3rd period - Rangers, Tuukka Rask is pulled from the net.
19:37 of 3rd period - Penalty to Chris Higgins is over, Chris Higgins is back on ice.
Goals for this period are 1 for Sabres vs 1 for Rangers.
Shots for this period are 8 for Sabres vs 11 for Rangers.